 Dungeon Crawl Stone Soup version 0.28.0-45-g0d030f2227 (webtiles) character file.

Game seed: 3503354311891387949

67 thiscave3701365 the Chopper (level 4, -4/40 HPs)
             Began as a Hill Orc Berserker on Apr 12, 2022.
             Was a Follower of Trog.
             Slain by Natasha (6 damage)
             ... on level 2 of the Dungeon.
             The game lasted 00:01:35 (1477 turns).

thiscave3701365 the Chopper (Hill Orc Berserker)    Turns: 1477, Time: 00:01:38

Health: -4/40      AC:  2    Str: 21    XL:     4   Next: 18%
Magic:  4/4        EV: 12    Int:  7    God:    Trog [*.....]
Gold:   13         SH:  0    Dex: 12    Spells: 3/3 levels left

rFire   + . .      SeeInvis .   i - +4 mace of Springtime {vorpal, Contam rF+ Dex+2 Stlth+}
rCold   . . .      Faith    .   (no shield)
rNeg    . . .      Spirit   .   b - +0 animal skin
rPois   .          Reflect  .   (no helmet)
rElec   .          Harm     .   (no cloak)
rCorr   .          Rampage  .   (no gloves)
Will    .....                   (no boots)
Stlth   ++........              (no amulet)
HPRegen 0.13/turn               (no ring)
MPRegen 0.09/turn               (no ring)

@: slowed, very slow
A: no striking features
a: Renounce Religion, Berserk


You were on level 2 of the Dungeon.
You worshipped Trog.
Trog was aware of your devotion.
You visited 1 branch of the dungeon, and saw 2 of its levels.

You collected 13 gold pieces.

Inventory:

Hand Weapons
 a - a +0 hand axe
 i - the +4 mace of Springtime (weapon) {vorpal, Contam rF+ Dex+2 Stlth+}
   (You found it on level 2 of the Dungeon)

   It inflicts extra damage upon your enemies.
   Dex:       It affects your dexterity (+2).
   rF:        It protects you from fire.
   Contam:    It causes magical contamination when unequipped.
   Stlth:     It makes you more stealthy.
Armour
 b - a +0 animal skin (worn)
 h - a +0 chain mail
Scrolls
 d - a scroll of brand weapon {unknown}
 e - a scroll of silence {unknown}
 f - a scroll of magic mapping {unknown}
 g - 2 scrolls of identify {unknown}
 j - a scroll of enchant armour {unknown}
Potions
 c - 2 potions of heal wounds


   Skills:
 + Level 4.3 Fighting
 + Level 4.9 Axes
 + Level 2.4 Armour
 + Level 2.4 Dodging
 + Level 0.1 Stealth


You had 3 spell levels left.
You didn't know any spells.
Your spell library was empty.

Dungeon Overview and Level Annotations

Branches:
Dungeon (2/15)

Altars:

Annotations:
D:2 Natasha


Message History

There are monsters nearby!
You closely miss Natasha.
Natasha is severely wounded.
The crimson imp blinks!
Natasha casts a spell.
The crimson imp sputters.
Natasha casts a spell at you. The magic dart hits you!
You hit Natasha.
Natasha is severely wounded.
The crimson imp hits you but does no damage.
Natasha barely misses you. The shadow imp hits you. Natasha closely misses you.
The crimson imp hits you.
There are monsters nearby!
You barely miss Natasha.
Natasha is severely wounded.
The shadow imp misses you. The crimson imp hits you.
Natasha casts a spell at you. You resist with some effort.
The shadow imp misses you. Natasha claws you. The crimson imp misses you.
There are monsters nearby!
There are monsters nearby!
You closely miss Natasha.
Natasha is severely wounded.
The shadow imp barely misses you. The crimson imp closely misses you.
Natasha claws you. The shadow imp hits you. Natasha claws you.
The crimson imp blinks!
Unknown command.
There are monsters nearby!
You are too injured to fight recklessly!
You are too injured to fight recklessly!
You are too injured to fight recklessly!
You fail to use your ability.
The shadow imp puffs mist at you. The shadow imp hits you.
* * * LOW HITPOINT WARNING * * *
Natasha claws you!
* * * LOW HITPOINT WARNING * * *
The shadow imp misses you. Natasha claws you.
You die...

####### ...... .....#
.5..# # ##...#.#
.....##....#.#
..........§h5..#
...........# #@#.##.##
..........####........
#.........##..........
##..........#.##.......
##......................
.......####.##..........
....#.####..............
.......÷.......##.......
......#####.>..# ##.####


You could see Natasha, a crimson imp (summoned) and a shadow imp (summoned).

Vanquished Creatures
  Jessica (D:2)
  An adder (D:2)
  A worm (D:2)
  2 ball pythons (D:1)
  An endoplasm (D:1)
  2 giant cockroaches
  4 goblins (D:1)
  2 hobgoblins
  3 jackals (D:1)
  2 kobolds (D:1)
  A quokka (D:1)
  5 bats
  A frilled lizard (D:1)
  A rat (D:2)
27 creatures vanquished.

Notes
Turn   | Place    | Note
-------+----------+-------------------------------------------
     0 | D:1      | thiscave3701365 the Hill Orc Berserker began the quest for
                  | the Orb.
     0 | D:1      | Reached XP level 1. HP: 19/19 MP: 1/1
   227 | D:1      | Reached XP level 2. HP: 26/27 MP: 2/2
   628 | D:1      | Found a faded altar of an unknown god.
  1050 | D:1      | Reached XP level 3. HP: 30/33 MP: 3/3
  1140 | D:2      | Noticed Jessica
  1154 | D:2      | Killed Jessica
  1200 | D:2      | Reached XP level 4. HP: 22/40 MP: 4/4
  1270 | D:2      | Identified the +4 mace of Springtime {vorpal, Contam rF+
                  | Dex+2 Stlth+}
  1467 | D:2      | Noticed Natasha
  1477 | D:2      | HP: 2/40 [Natasha (7)]
  1477 | D:2      | Slain by Natasha

Illustrated notes

Levels and vault maps discovered:
D:1:      dpeg_arrival_boxorama, layout_basic, chequers_ecumenical_altar_island,
          moated_statue
D:2:      layout_rooms, uniq_jessica, uniq_natasha

Skill      XL: |  1  2  3 |
---------------+----------+-----
Fighting       | 4 |  4.3
Dodging        | 2 |  2.4
Axes           | |  4.9
Armour         | |  2.4
Stealth        | |  0.1

Action                   |  1- 3 |  4- 6 || total
-------------------------+-------+-------++-------
Melee: Hand axe          |    73 |     6 ||    79
       Punch             |     1 |       ||     1
       Mace              |       |    10 ||    10
Invok: Berserk           |     2 |       ||     2
 Stab: Sleeping          |     1 |       ||     1
Armor: Animal skin       |    25 |     3 ||    28
Dodge: Dodged            |    53 |    15 ||    68
